 Dungeon Crawl Stone Soup version 0.27.1-34-g3ba077fa99 (webtiles) character file.

Game seed: 6642977132854594630

22 Descartes the Grasshopper (level 3, -2/27 HPs)
             Began as a Formicid Warper on Jan 14, 2022.
             Was a Follower of Qazlal.
             Slain by a kobold (5 damage)
             ... on level 1 of the Dungeon.
             The game lasted 00:01:27 (700 turns).

Descartes the Grasshopper (Formicid Warper)          Turns: 700, Time: 00:01:27

Health: -2/27      AC:  3    Str: 16    XL:     3   Next: 7%
Magic:  6/6        EV:  6    Int: 12    God:    Qazlal [*.....]
Gold:   51         SH: 13    Dex: 10    Spells: 7/7 levels left

rFire    . . .     SeeInvis +   a - +0 mace
rCold    . . .     Faith    .   f - +0 tower shield
rNeg     . . .     Spirit   .   b - +0 leather armour
rPois    .         Reflect  .   (helmet unavailable)
rElec    .         Harm     .   (no cloak)
rCorr    .         Rampage  .   (no gloves)
Will     .....                  (no boots)
Stlth    +.........             (no amulet)
HPRegen  0.09/turn              (no ring)
MPRegen  0.10/turn              (no ring)

@: no status effects
A: permanent stasis, dig shafts and tunnels, antennae 3, four strong arms
a: Dig, Shaft Self, Renounce Religion


You were on level 1 of the Dungeon.
You worshipped Qazlal.
Qazlal was aware of your devotion.
You visited 1 branch of the dungeon, and saw 1 of its levels.

You collected 51 gold pieces.

Inventory:

Hand Weapons
 a - a +0 mace (weapon)
 e - a +1 dagger of flaming
Missiles
 c - 5 boomerangs of dispersal (quivered)
 g - 3 stones
Armour
 b - a +0 leather armour (worn)
 f - a +0 tower shield (worn)
Scrolls
 d - 4 scrolls of identify {unknown}


   Skills:
 - Level 2.1 Fighting
 + Level 2.2 Maces & Flails
 - Level 1.0 Throwing
 + Level 1.6 Armour
 - Level 1.7 Dodging
 + Level 0.8 Shields
 + Level 2.5 Spellcasting
 + Level 2.9 Translocations
 + Level 0.3 Invocations


You had 7 spell levels left.
You didn't know any spells.
Your spell library contained the following spells:

 Spells                   Type           Power      Damage    Failure   Level
 Gell's Gravitas          Tloc           4%         N/A       99%         3
 Lesser Beckoning         Tloc           4%         N/A       99%         3
 Teleport Other           Tloc           8%         N/A       99%         3
 Ensorcelled Hibernation  Hex/Ice        2%         N/A       100%        2
 Spider Form              Tmut/Pois      0%         N/A       100%        3
 Manifold Assault         Tloc           8%         N/A       100%        5
 Shadow Creatures         Summ           N/A        N/A       100%        6
 Blink                    Tloc           Unusable   N/A       N/A         2

Dungeon Overview and Level Annotations

Branches:
Dungeon (1/15)

Altars:
Qazlal


Innate Abilities, Weirdness & Mutations

You cannot be hasted, slowed, berserked, paralysed or teleported.
You can dig through walls and to a lower floor.
You have a pair of large antennae on your head. (SInv)
Your four strong arms can wield two-handed weapons with a shield.


Message History

You are too injured to fight recklessly!
You are too injured to fight recklessly!
You are too injured to fight recklessly!
Unknown command.
The kobold hits you with a +0 short sword.
* * * LOW HITPOINT WARNING * * *
You see here 10 gold pieces.
The endoplasm is engulfed in freezing vapours.
You kill the endoplasm!
Qazlal accepts your kill. You block the jackal's attack.
You have reached level 3!
Your experience leads to an increase in your attributes!
Increase (S)trength, (I)ntelligence, or (D)exterity?
You feel stronger.
You extend your mandibles.
You dig through the rock wall.
A bat comes into view.
You block the jackal's attack.
The bat moves out of view.
You dig through the rock wall.
You dig through the rock wall.
You block the jackal's attack.
You dig through the rock wall.
You block the jackal's attack.
You dig through the rock wall.
The jackal closely misses you.
You retract your mandibles.
You hit the jackal.
The jackal is almost dead.
The jackal bites you but does no damage.
You block the jackal's attack.
You barely miss the jackal.
The jackal is almost dead.
The jackal completely misses you. The jackal barely misses you.
You hit the jackal.
You kill the jackal!
Qazlal accepts your kill.
You hit the kobold but do no damage.
The kobold hits you with a +0 short sword.
* * * LOW HITPOINT WARNING * * *
You block the kobold's attack.
You completely miss the kobold. The kobold closely misses you.
The kobold hits you with a +0 short sword.
You die...

###........†
#........>..
#...........
#....#.####.
#......# #.
#......####.
#.......#... ###
##....#....## #@##
#............ ##K#
#.......#....
##{####..#....#....
#.####...#....##...
##.#..l.....#.##...
##..##†.#.......##
#......#.....##
............#.
.###........##


You could see a kobold.

Vanquished Creatures
  A dart slug (D:1)
  3 ball pythons (D:1)
  An endoplasm (D:1)
  A giant cockroach (D:1)
  2 goblins (D:1)
  A hobgoblin (D:1)
  2 jackals (D:1)
  A quokka (D:1)
  2 bats (D:1)
  2 kobolds (D:1)
  2 rats (D:1)
18 creatures vanquished.

Notes
Turn   | Place    | Note
-------+----------+-------------------------------------------
     0 | D:1      | Descartes the Formicid Warper began the quest for the Orb.
     0 | D:1      | Reached XP level 1. HP: 16/16 MP: 3/3
   270 | D:1      | Reached XP level 2. HP: 22/22 MP: 5/5
   294 | D:1      | Found a faded altar of an unknown god.
   311 | D:1      | Became a worshipper of Qazlal Stormbringer
   311 | D:1      | Reached * piety under Qazlal
   690 | D:1      | Reached XP level 3. HP: 6/27 MP: 6/6
   700 | D:1      | Slain by a kobold

Illustrated notes

Levels and vault maps discovered:
D:1:      amcnicky_arrival_choice, layout_rooms, serial_shops,
          nicolae_shop_window_shopping, hellmonk_ecumenical_altar_crossroads

Action                   || total
-------------------------++-------
Melee: Mace              ||    50
 Abil: Dig               ||     1
Armor: Leather armour    ||    28
Dodge: Dodged            ||    27
Block: Tower shield      ||    47
